 Dungeon Crawl Stone Soup version 0.26.1-11-gd32895ea62 (webtiles) character file.

Game seed: 1988112869841710355

514 Zeld the Carver (level 7, 0/50 HPs)
             Began as a Human Gladiator on June 5, 2021.
             Slain by a human zombie (5 damage)
             ... in an ossuary.
             The game lasted 00:04:37 (3923 turns).

Zeld the Carver (Human Gladiator)                   Turns: 3923, Time: 00:04:38

Health: 0/50       AC: 11    Str: 16    XL:     7   Next: 44%
Magic:  7/7        EV:  5    Int:  9    God:
Gold:   79         SH:  0    Dex: 14    Spells: 6/6 levels left

rFire    . . .     SeeInvis .   a - +0 long sword
rCold    . . .     Faith    .   (no shield)
rNeg     . . .     Spirit   .   e - +0 plate armour
rPois    .         Reflect  .   c - +0 helmet
rElec    .         Harm     .   (no cloak)
rCorr    .         Rampage  .   (no gloves)
Will     .....                  (no boots)
Stlth    ..........             (no amulet)
HPRegen  0.16/turn              (no ring)
MPRegen  0.10/turn              (no ring)

@: no status effects
A: no striking features
a: no special abilities


You were in an ossuary.
You visited 1 branch of the dungeon, and saw 4 of its levels.
You also visited: Ossuary.

You collected 79 gold pieces.

Inventory:

Hand Weapons
 a - a +0 long sword (weapon)
Missiles
 d - 5 throwing nets (quivered)
Armour
 c - a +0 helmet (worn)
 e - a +0 plate armour (worn)
Scrolls
 g - 3 scrolls of magic mapping {unknown}
 h - 2 scrolls of teleportation {unknown}
 k - 2 scrolls of identify {unknown}
 l - 2 scrolls of enchant weapon {unknown}
 r - a scroll of fog {unknown}
Potions
 b - 3 potions of curing
 f - a potion of flight {unknown}
 i - a potion of magic {unknown}
 j - a potion of attraction {unknown}
 m - a potion of ambrosia {unknown}
 n - a potion of might {unknown}
 o - a potion of mutation {unknown}
 p - a potion of resistance {unknown}
 q - a potion of heal wounds {unknown}


   Skills:
 - Level 2.0 Fighting
 * Level 8.0 Long Blades
 - Level 2.0 Throwing
 - Level 3.0 Dodging


You had 6 spell levels left.
You didn't know any spells.
Your spell library was empty.

Dungeon Overview and Level Annotations

Branches:
Dungeon (4/15)            Ossuary (1/1)
 Temple: D:4-7

Altars:
Fedhas
Hepliaklqana
Qazlal
Zin


Message History

The human zombie is moderately damaged.
The human zombie hits you but does no damage.
Your plate armour prevents you from hitting the human zombie.
The human zombie is moderately damaged.
The human zombie hits you but does no damage.
You don't know any spells.
You barely miss the human zombie.
The human zombie is moderately damaged.
The human zombie hits you but does no damage.
Unknown command.
Unknown command.
You barely miss the human zombie.
The human zombie is moderately damaged.
You slash the human zombie!
The human zombie is heavily damaged.
The human zombie barely misses you.
You hit the human zombie.
The human zombie is severely damaged.
The human zombie hits you.
You die...

### ###.###
##.....##
#.......#
#.......#
#.......#
#.....# #Z#
#@# ###.###
##.....##
#.......#
##...∩...##
+...∩∩∩...+
##...∩...##
#.......#
##.....##


You could see a human zombie.

Vanquished Creatures
  An elf zombie (Ossuary)
  An elf skeleton (D:4)
  2 centaur zombies (Ossuary)
  2 orc priests (D:3)
  2 orc wizards (D:3)
  Terence (D:2)
  Natasha (D:4)
  A human skeleton (D:4)
  A mummy (Ossuary)
  Robin (D:2)
  2 adders
  2 oozes (D:1)
  4 worms
  A dart slug (D:2)
  4 orcs (D:3)
  A ball python (D:3)
  3 giant cockroaches
  10 goblins
  6 hobgoblins
  2 jackals (D:2)
  7 kobolds
  8 bats
  3 frilled lizards
  2 orc skeletons (D:4)
  9 rats
77 creatures vanquished.

Vanquished Creatures (others)
  9 plants (D:2)
9 creatures vanquished.

Grand Total: 86 creatures vanquished

Notes
Turn   | Place    | Note
-------+----------+-------------------------------------------
     0 | D:1      | Zeld the Human Gladiator began the quest for the Orb.
     0 | D:1      | Reached XP level 1. HP: 16/16 MP: 1/1
   125 | D:1      | Reached XP level 2. HP: 22/22 MP: 2/2
   402 | D:1      | Reached skill level 4 in Long Blades
   402 | D:1      | Reached XP level 3. HP: 27/27 MP: 3/3
   814 | D:2      | Noticed Robin
   842 | D:2      | Killed Robin
   843 | D:2      | Reached XP level 4. HP: 22/33 MP: 4/4
  1235 | D:2      | Found a stormy altar of Qazlal.
  1543 | D:2      | Reached skill level 5 in Long Blades
  1970 | D:2      | Found a hazy altar of Hepliaklqana.
  2179 | D:3      | Reached XP level 5. HP: 35/38 MP: 5/5
  2532 | D:3      | Reached skill level 6 in Long Blades
  2696 | D:3      | Found a blossoming altar of Fedhas.
  2717 | D:3      | Noticed Terence
  2748 | D:3      | Reached XP level 6. HP: 27/44 MP: 6/6
  2894 | D:2      | Killed Terence
  3007 | D:3      | Found a glowing silver altar of Zin.
  3552 | D:4      | Noticed Natasha
  3562 | D:4      | Killed Natasha
  3600 | D:4      | Reached skill level 7 in Long Blades
  3804 | D:4      | Found a sand-covered staircase.
  3815 | D:4      | Reached XP level 7. HP: 44/50 MP: 7/7
  3856 | Ossuary  | Entered an ossuary
  3910 | Ossuary  | Reached skill level 8 in Long Blades
  3923 | Ossuary  | Slain by a human zombie

Illustrated notes

Levels and vault maps discovered:
D:1:      nagdon_arrival_zigzag_paths, layout_basic
D:2:      cheibrodos_old_hovel, layout_loops_ring, nzn_hepliaklqana_mist_gate,
          nicolae_overflow_crystal_walls, uniq_robin
D:3:      layout_loops_cross, fedhas_altar_2, zin_statuary, uniq_terence
D:4:      layout_basic, nicolae_ossuary_entry_catacombs, due_unseen_surprise,
          uniq_sigmund, uniq_ijyb, uniq_natasha
Ossuary:  ossuary_minmay_four_chambers

Skill      XL: |  1  2  3  4  5  6  7 |
---------------+----------------------+-----
Long Blades    | 4 5 6 7 8 |  8.0
Fighting       | |  2.0
Throwing       | |  2.0
Dodging        | |  3.0

Action                   |  1- 3 |  4- 6 |  7- 9 || total
-------------------------+-------+-------+-------++-------
Melee: Long sword        |    68 |   250 |    59 ||   377
Armor: Plate armour      |    65 |   191 |    23 ||   279
Dodge: Dodged            |    23 |    51 |    14 ||    88
       Rpst.: Long sword |    13 |    13 |     4 ||    30
